 Dungeon Crawl Stone Soup version 0.31-a0-344-gd109795599 (webtiles) character file.

Game seed: 10861610577023370453

8891 Flugkiller the Black Belt (level 11, -9/74 HPs)
             Began as an Octopode Shapeshifter on July 21, 2023.
             Was an Initiate of Gozag.
             Hit by a javelin thrown by a centaur (11 damage)
             ... in a bailey.
             The game lasted 00:14:58 (10011 turns).

Flugkiller the Black Belt (Octopode Shapeshifter)  Turns: 10011, Time: 00:14:59

Health: -9/74      AC:  5    Str: 13    XL:     11   Next: 37%
Magic:  20/20      EV: 19    Int: 20    God:    Gozag
Gold:   1274       SH:  7    Dex: 22    Spells: 10/10 levels left

rFire   . .          .
                       - Unarmed
rCold   + + +        A - +2 buckler
rNeg    . . .        (helmet currently unavailable)
rPois   +            (no amulet)
rElec   .            e - ring of magical power
rCorr   .            j - +4 ring of slaying
SInv    .            C - +6 ring of intelligence
Will    .....        p - +4 ring of protection
Stlth   +++          o - ring "Icuorghecw" {rPois rC+++ Str-2 Int+3 Dex+6}
HPRegen 0.32/turn    (no ring)
MPRegen 0.17/turn    (no ring)
                     (no ring)

%: no passive effects
@: beast-form, on berserk cooldown, hasted and slowed
A: beast (slay +5), almost no armour, amphibious, 8 rings, camouflage 1,
gelatinous body 1, (nimble swimmer 1), tentacles
a: Begin Untransformation, Renounce Religion, Potion Petition, Call Merchant,
Bribe Branch


You were in a bailey.
You worshipped Gozag.
Gozag was most pleased with you.
You were a hulking beast.
You visited 2 branches of the dungeon, and saw 10 of its levels.
You also visited: Bailey.

You collected 1451 gold pieces.
You spent 98 gold pieces at shops.
You paid 79 gold pieces to Gozag.

Inventory:

Hand Weapons
 n - a +5 short sword
   (You took it off a wight on level 4 of the Dungeon)
Missiles
 u - 2 throwing nets
 z - 6 curare-tipped darts
Armour
 A - a +2 buckler (worn)
   (You found it on level 6 of the Dungeon)
Jewellery
 e - a ring of magical power (left tentacle)
   (You found it on level 3 of the Dungeon)
 j - a +4 ring of slaying (right tentacle)
   (You found it on level 5 of the Dungeon)
 o - the ring "Icuorghecw" (on tentacle) {rPois rC+++ Str-2 Int+3 Dex+6}
   (You found it in a bailey)

   [ring of dexterity]

   Str:       It affects your strength (-2).
   Int:       It affects your intelligence (+3).
   Dex:       It affects your dexterity (+6).
   rC:        It renders you almost immune to cold.
   rPois:     It protects you from poison.
 p - a +4 ring of protection (on tentacle)
   (You found it on level 8 of the Dungeon)
 C - a +6 ring of intelligence (on tentacle)
   (You found it on level 7 of the Dungeon)
Talismans
 b - a beast talisman
 g - a granite talisman
   (You found it on level 1 of the Dungeon)
 B - a serpent talisman
   (You found it on level 7 of the Dungeon)
Wands
 c - a wand of quicksilver (3)
   (You found it on level 3 of the Dungeon)
 l - a wand of roots (11)
   (You found it on level 7 of the Dungeon)
Scrolls
 f - 2 scrolls of poison
 m - 2 scrolls of immolation
 t - 4 scrolls of teleportation
Potions
 a - a potion of lignification
 d - a potion of might
 h - 3 potions of haste
 k - 2 potions of berserk rage
 s - a potion of mutation {unknown}
 v - 2 potions of invisibility
 w - a potion of enlightenment {unknown}
 y - a potion of ambrosia {unknown}


   Skills:
 + Level 6.6 Fighting
 + Level 8.3 Dodging
 - Level 2.3 Shields
 - Level 15.1 Unarmed Combat
 - Level 3.0 Evocations
 * Level 7.5 Shapeshifting


You had 10 spell levels left.
You didn't know any spells.
Your spell library contained the following spells:

 Spells                   Type           Power      Damage    Failure   Level
 Apportation              Tloc           0%         N/A       26%         1
 Freeze                   Ice            0%         1d3       26%         1
 Magic Dart               Conj           0%         1d3       26%         1
 Shock                    Conj/Air       0%         1d3       26%         1
 Blink                    Tloc           0%         N/A       36%         2
 Call Imp                 Summ           0%         N/A       36%         2
 Searing Ray              Conj           0%         2d4       36%         2
 Frozen Ramparts          Ice            0%         1d1       61%         3
 Hailstorm                Conj/Ice       0%         3d3       61%         3
 Mephitic Cloud           Conj/Pois/Air  0%         N/A       61%         3
 Portal Projectile        Hex/Tloc       0%         N/A       61%         3
 Swiftness                Air            0%         N/A       61%         3
 Tukima's Dance           Hex            0%         N/A       61%         3
 Airstrike                Air            0%         2d(0-16)  95%         4
 Fulminant Prism          Conj/Hex       0%         3d5       95%         4
 Iskenderun's Mystic Bla  Conj/Tloc      0%         2d3       95%         4
 Manifold Assault         Tloc           0%         N/A       95%         4
 Alistair's Intoxication  Tmut/Pois      0%         N/A       100%        5
 Summon Forest            Summ/Tloc      0%         N/A       100%        5
 Eringya's Noxious Bog    Tmut/Pois      0%         4d6       100%        6
 Summon Hydra             Summ           0%         N/A       100%        7


Dungeon Overview and Level Annotations

Branches:
Dungeon (9/15) Zot: 26767  Temple (1/1) D:4 Zot: 5966    Lair (0/5) D:9
 Bailey (1/1) Zot: 4878
    Orc: D:9-12

Altars:
Ashenzari
Cheibriados
Dithmenos
Elyvilon
Fedhas
Gozag
Hepliaklqana
Kikubaaqudgha
Makhleb
Okawaru
Qazlal
Sif Muna
Trog
Uskayaw
Vehumet
Wu Jian
Xom
Yredelemnul
Zin
The Shining One

Shops:
D:3 ?

Annotations:
D:3 1 runed translucent door, Nonseq's ghost, amateur OpSh
D:8 1 runed translucent door


Innate Abilities, Weirdness & Mutations

You are a hulking beast.
Your limbs bulge with bestial killing power. (Slay +5)
You cannot wear most types of armour.
You are amphibious.
You can wear up to eight rings at the same time.
Your skin changes colour to match your surroundings (Stealth+).
Your rubbery body absorbs attacks. (AC +1, EV +1)
((You are camouflaged when in or above water. (Stealth+)))
You have tentacles for arms and can constrict up to eight enemies at once.


Message History

Things that are here:
3 gold pieces; a +0 trident; a +0 scale mail The centaur is distracted by your dazzling golden aura.
You enter the deep water.
There is an open gate here.
You start waiting.
There is an open gate here.
You enter the deep water.
You enter the deep water.
An orc warrior comes into view. It is wielding a +0 halberd.
The orc warrior shouts!
You bludgeon the centaur! You tentacle-slap the centaur!
You kill the centaur!
You hear a shout! x3
Items here: $ ( ) [.
An orc comes into view. It is wielding a +0 halberd.
A centaur comes into view. It is wielding a +0 halberd.
The orc warrior misses you.
You tentacle-slap the orc warrior. Your grab misses the orc warrior.
You tentacle-slap the orc warrior! You squeeze the orc warrior!
The orc warrior is severely wounded.
You batter the orc warrior!!
You kill the orc warrior!
You enter the deep water.
A centaur comes into view. It is wielding a +0 halberd.
The centaur moves out of view.
The orc barely misses you. The centaur misses you.
You barely miss the orc.
The centaur shouts!
Your grab misses the orc.
You tentacle-slap the orc, but do no damage.
You hear a shout!
The centaur completely misses you. You block the orc's attack.
The centaur throws a javelin.
The javelin misses you.
You batter the orc!!
You kill the orc!
The centaur throws a javelin.
The javelin closely misses you. The centaur hits you with a +0 halberd!
The centaur closely misses you.
The centaur throws a javelin.
The javelin pierces through you! The centaur closely misses you.
The centaur misses you.
You tentacle-slap the centaur.
The centaur is lightly wounded.
The centaur hits you with a +0 halberd!
The centaur kicks you but does no damage.
You are too injured to fight recklessly!
You are too injured to fight recklessly!
You are too injured to fight recklessly!
You are too injured to fight recklessly!
You bludgeon the centaur! You tentacle-slap the centaur.
The centaur is almost dead.
You block the centaur's attack. x2; The centaur misses you.
You bludgeon the centaur!
You kill the centaur!
You block the centaur's attack. The centaur hits you with a +0 halberd.
The centaur kicks you.
Items here: $ ( ) [.
You barely miss the centaur. The centaur barely misses you.
The centaur completely misses you. You block the centaur's attack.
The centaur closely misses you.
The centaur shouts!
You bludgeon the centaur! You tentacle-slap the centaur.
The centaur is almost dead.
The centaur is distracted by your dazzling golden aura.
The centaur hits you with a +0 halberd! The centaur completely misses you.
The centaur shouts!
You tentacle-slap the centaur.
You kill the centaur!
Things that are here:
3 gold pieces; a +0 halberd; a +0 chain mail
Things that are here:
8 gold pieces; a +0 halberd; a +0 ring mail The centaur throws a javelin.
The javelin barely misses you.
The centaur throws a javelin.
The javelin pierces through you!
You enter the deep water.
The centaur throws a javelin.
The javelin pierces through you!
* * * LOW HITPOINT WARNING * * *
The centaur throws a javelin.
The javelin pierces through you!
* * * LOW HITPOINT WARNING * * *
Okay, then.
Okay, then.
Okay, then.
Okay, then.
Okay, then.
Okay, then.
You feel yourself speed up.
Unknown command.
Okay, then.
A red film seems to cover your vision as you go berserk!
You feel yourself moving faster!
You feel mighty!
The centaur throws a javelin.
The javelin completely misses you.
Unknown command.
You feel a strong urge to attack something.
The centaur throws a javelin.
The javelin pierces through you.
* * * LOW HITPOINT WARNING * * *
You feel your anger nearly subside.
You are no longer berserk.
You are exhausted.
You feel yourself slow down.
The centaur throws a javelin.
The javelin pierces through you!
You die...
Your body crumbles into a pile of gold.

#########'''######
##≈≈≈≈≈≈≈#...#≈≈≈≈≈
##≈≈≈≈≈≈≈≈#...#≈≈≈≈≈
##≈≈≈≈≈≈≈≈.#...#.≈≈≈≈
#≈≈≈≈≈≈≈..≈#...#≈..≈≈
#≈≈≈≈≈..≈≈≈.....≈≈≈..
#≈≈≈≈.≈≈≈.........≈≈≈
#≈≈≈≈$≈.....≈≈≈.....≈
#≈≈≈h≈≈.⌠..≈≈≈≈≈..⌠.≈
#≈≈≈.≈.....≈≈≈≈≈.....
#≈≈$≈≈.c..≈≈~~$≈≈$...
#≈≈.≈.....≈~≈~≈~≈....
#≈≈$≈.....≈~≈.≈~≈....
#≈≈$≈.....≈~≈.≈~≈....
#≈≈$≈.....≈~≈)≈~≈....
#≈≈.≈.....≈~≈≈≈~≈....
#≈≈.≈≈....≈≈~≈~≈≈....


You could see a centaur.

Vanquished Creatures
  Prince Ribbit (D:6)
  A wyvern (D:8)
  A steam dragon (D:7)
  A water moccasin (D:7)
  2 ice beasts
  14 orc warriors
  A black bear (D:6)
  7 centaurs
  2 phantoms
  2 kobold brigands
  A bullfrog (D:9)
  A necrophage (D:7)
  4 scorpions
  4 wights (D:4)
  6 killer bees (D:8)
  A howler monkey (D:4)
  3 hounds
  2 gnoll boudas
  2 jellies
  2 iguanas (D:6)
  10 orc wizards
  A hound skeleton (D:7)
  11 gnolls
  4 adders
  2 shadow imps
  4 ufetubi
  2 worms (D:3)
  2 dart slugs
  44 orcs
  8 ball pythons
  3 endoplasms
  2 giant cockroaches
  9 goblins
  9 hobgoblins
  6 jackals
  15 kobolds
  6 quokkas
  3 bats
  4 frilled lizards
  A goblin zombie (D:5)
  25 rats
  A rat zombie (D:5)
230 creatures vanquished.

Vanquished Creatures (others)
  A gnoll (D:6)
1 creature vanquished.

Grand Total: 231 creatures vanquished

Notes
Turn   | Place    | Note
-------+----------+-------------------------------------------
     0 | D:1      | Flugkiller the Octopode Shapeshifter began the quest for
                  | the Orb.
     0 | D:1      | Reached XP level 1. HP: 13/13 MP: 1/1
   141 | D:1      | Reached XP level 2. HP: 18/18 MP: 2/2
   727 | D:2      | Reached XP level 3. HP: 15/24 MP: 3/3
  1506 | D:3      | Found Puvopp's Magic Scroll Shop.
  1512 | D:3      | Bought a scroll of fear for 56 gold pieces
  1512 | D:3      | Bought a scroll of teleportation for 42 gold pieces
  1704 | D:3      | Reached XP level 4. HP: 26/29 MP: 4/4
  2013 | D:3      | Found a runed translucent door.
  2022 | D:3      | Noticed Nonseq's ghost (amateur OpSh)
  2593 | D:4      | Found a staircase to the Ecumenical Temple.
  2604 | Temple   | Entered the Ecumenical Temple
  2677 | D:4      | Reached XP level 5. HP: 20/35 MP: 5/5
  2683 | D:4      | Reached skill level 4 in Unarmed Combat
  2683 | D:4      | Reached XP level 6. HP: 26/42 MP: 6/6
  2776 | D:4      | You fall into a shaft and drop 1 floor!
  2776 | D:5      | Entered Level 5 of the Dungeon
  2809 | D:4      | Noticed a +0 falchion
  2809 | D:4      | Noticed a +0 spear
  2809 | D:4      | Noticed a +0 short sword
  2810 | D:4      | Noticed a +0 dagger
  2810 | D:4      | Noticed a +0 falchion
  2810 | D:4      | Noticed a +0 short sword
  2810 | D:4      | Noticed a +0 dagger
  2810 | D:4      | Noticed a +0 spear
  2845 | Temple   | Became a worshipper of Gozag Ym Sagoz the Greedy
  3432 | D:4      | Found an ornate altar of the Wu Jian Council.
  3506 | D:4      | Found a hide-covered altar of Uskayaw.
  3530 | D:4      | Reached XP level 7. HP: 46/47 MP: 7/7
  4554 | D:5      | Reached skill level 5 in Dodging
  4554 | D:5      | Reached skill level 5 in Shapeshifting
  4554 | D:5      | Reached XP level 8. HP: 29/54 MP: 8/8
  4888 | D:5      | Reached skill level 5 in Fighting
  5205 | D:6      | Reached skill level 1 in Evocations
  5270 | D:6      | Found a bloodstained altar of Trog.
  5467 | D:6      | Identified the +11 falchion of Atweis {heavy, rPois Int+3}
  5559 | D:6      | Noticed Prince Ribbit
  5582 | D:6      | Killed Prince Ribbit
  5810 | D:6      | Found a glowing golden altar of the Shining One.
  5950 | D:6      | Found a white marble altar of Elyvilon.
  6225 | D:7      | Reached XP level 9. HP: 15/62 MP: 9/9
  6514 | D:7      | Reached skill level 1 in Shields
  7107 | D:7      | Found a burning altar of Makhleb.
  7503 | D:8      | Found a blossoming altar of Fedhas.
  7895 | D:8      | Reached skill level 5 in Unarmed Combat
  8237 | D:8      | Found a runed translucent door.
  8675 | D:9      | Reached skill level 6 in Unarmed Combat
  8733 | D:9      | Found a staircase to the Lair.
  8857 | D:9      | Found a flagged portal.
  8879 | Bailey   | Entered a bailey
  9074 | Bailey   | Reached XP level 10. HP: 56/69 MP: 10/10
  9293 | Bailey   | Reached skill level 7 in Unarmed Combat
  9755 | Bailey   | Identified the ring "Icuorghecw" {rPois rC+++ Str-2 Int+3
                  | Dex+6}
  9824 | Bailey   | Reached skill level 15 in Unarmed Combat
  9824 | Bailey   | Reached XP level 11. HP: 72/74 MP: 11/11
 10009 | Bailey   | HP: 2/111 [centaur/javelin (6)]
 10011 | Bailey   | Hit by a javelin thrown by a centaur

Illustrated notes

Levels and vault maps discovered:
D:1:      grunt_arrival_crossed_arrows, layout_basic
D:2:      layout_basic, st_stairs_8
D:3:      layout_basic, ebering_ghost_sewer_d, serial_shops, shop,
          nicolae_concentric_dashed_squares_mild, minmay_rat_hole
D:4:      layout_basic, nzn_wu_jian_contemplation, nicolae_uskayaw_en_pointe,
          temple_statues
D:5:      layout_gridville, enter_ossuary_4
D:6:      layout_loops_ring, elyvilon_altar_4,
          mainiacjoe_overflow_six_doors_small, nicolae_tso_swordbearing_angel,
          grunt_ministairs_12, kennysheep_boxes, uniq_prince_ribbit1
D:7:      layout_cave_pools, makhleb_blood_cavern_becter,
          hangedman_abyss_or_decor_slice, minmay_statues_item,
          minmay_manual_macuahuitl
D:8:      layout_loops_ring, nicolae_overflow_crystal_walls,
          lightli_church_of_beogh
D:9:      layout_gridville, grunt_nemelex_the_gamble, enter_bailey_3
Temple:   hellmonk_temple_forest_ring
Bailey:   bailey_polearm_flooded_kennysheep, bailey

Skill      XL: |  1  2  3  4  5  6  7  8  9 10 |
---------------+-------------------------------+-----
Fighting       | 2 3 4 6 |  6.6
Dodging        | 3 4 5 6 7 8 |  8.3
Unarmed Combat | 4 6 15 | 15.1
Shapeshifting  | 4 5 6 7 |  7.5
Evocations     | 3 |  3.0
Shields        | 2 |  2.3

Action                     |  1- 3 |  4- 6 |  7- 9 | 10-12 || total
---------------------------+-------+-------+-------+-------++-------
  Melee: Unarmed           |    72 |    42 |    82 |    63 ||   259
         Constrict         |    24 |    18 |    49 |    12 ||   103
         Tentacles         |    13 |    12 |    51 |    10 ||    86
         Punch             |     1 |     3 |    13 |     8 ||    25
         Falchion          |       |    24 |    77 |       ||   101
         Short sword       |       |       |    60 |       ||    60
  Evoke: Wand              |       |     4 |     4 |       ||     8
    Use: Scroll            |     3 |     3 |     8 |     1 ||    15
         Potion            |       |     2 |     2 |     3 ||     7
   Stab: Sleeping          |     8 |     7 |     5 |       ||    20
         Distracted        |       |       |     1 |       ||     1
 Armour: Skin              |     2 |     1 |    14 |     4 ||    21
  Dodge: Dodged            |    39 |    34 |   142 |    57 ||   272
  Block: Buckler           |       |       |    44 |    30 ||    74
   Form: Beast             |     1 |       |     2 |       ||     3
         Statue            |     1 |       |     1 |       ||     2
         Anaconda          |       |       |     2 |       ||     2

Table legend: (Time is in decaauts)
 A = Elapsed time spent in this place.
 B = Non-inter-level travel time spent in this place.
 C = Inter-level travel time spent in this place.
 D = Time resting spent in this place.
 E = Time spent auto-exploring this place.
 F = Levels seen in this place.
 G = Mean time per level.
                   A        B        C        D        E       F      G
               +--------+--------+--------+--------+--------+-----+--------+
         Total |  10015 |   9748 |    267 |   2144 |   5104 |  11 |  910.5 |
       Dungeon |   8860 |   8614 |    246 |   1718 |   5045 |   9 |  984.4 |
        Temple |     33 |     12 |     21 |      0 |      0 |   1 |   33.0 |
        Bailey |   1121 |   1121 |      0 |    426 |     59 |   1 | 1121.0 |
               +--------+--------+--------+--------+--------+-----+--------+

Top non-repeatable levels by time:
     D:6: 1374 daAuts
     D:4: 1274 daAuts
     D:7: 1173 daAuts
     D:3: 1150 daAuts
     D:5: 1122 daAuts
  Bailey: 1121 daAuts
     D:8: 1022 daAuts
     D:2: 796 daAuts
     D:1: 714 daAuts
     D:9: 232 daAuts
  Temple: 33 daAuts
